 Dungeon Crawl Stone Soup version 0.19-a0-1049-g462a813 (webtiles) character file.

2 tyvek the Conjurer (level 1, 14/14 HPs)
             Began as a Draconian Conjurer on Aug 1, 2016.
             Quit the game on level 1 of the Dungeon.
             The game lasted 00:00:29 (254 turns).

tyvek the Conjurer (Draconian Conjurer)              Turns: 254, Time: 00:00:30

Health: 14/14      AC:  4    Str: 10    XL:     1   Next: 33%
Magic:  3/3        EV: 12    Int: 15    God:
Gold:   20         SH:  0    Dex: 11    Spells: 1 memorised, 3 levels left

rFire  . . .     SeeInvis .     g - -2 club (curse)
rCold  . . .     Gourm    .     (armour unavailable)
rNeg   . . .     Faith    .     (no shield)
rPois  .         Spirit   .     (helmet restricted)
rElec  .         Dismiss  .     (no cloak)
rCorr  .         Reflect  .     (no gloves)
SustAt .         Harm     .     (no boots)
MR     .....                    (no amulet)
Stlth  ++........               (no ring)
                                (no ring)

@: not resistant to hostile enchantments, unstealthy
A: unfitting armour, cold-blooded, AC +4
a: no special abilities


You were on level 1 of the Dungeon.
You were not hungry.

You visited 1 branch of the dungeon, and saw 1 of its levels.

You collected 20 gold pieces.

Inventory:

Hand Weapons
 g - a cursed -2 club (weapon)
   (You took it off a hobgoblin on level 1 of the Dungeon)
Scrolls
 c - a scroll of amnesia {unknown}
 e - a scroll of remove curse {unknown}
 h - a scroll of recharging {unknown}
 i - a scroll of teleportation {unknown}
Potions
 d - a potion of lignification {unknown}
Books
 a - a book of Conjurations
Comestibles
 b - a bread ration {@e1}
 f - 3 chunks of flesh {@w0}


   Skills:
 - Level 1.7 Dodging
 - Level 1.7 Stealth
 + Level 2.1 Spellcasting
 + Level 4.0 Conjurations


You had 3 spell levels left.
You knew the following spells:

 Your Spells              Type           Power        Failure   Level  Hunger
a - Magic Dart            Conj           ##..         4%          1    #......


Dungeon Overview and Level Annotations

Branches:
Dungeon (1/15)

Altars:


Innate Abilities, Weirdness & Mutations

Your plain brown scales are hard. (AC +4)
Your body does not fit into most forms of armour.
You are cold-blooded and may be slowed by cold attacks.


Message History

Welcome, tyvek the Draconian Conjurer.
Will you be the one to retrieve the fabulous Orb of Zot from the depths?
Found a ring mail.
Found a staircase leading out of the dungeon.
Found a stone staircase leading down.
No target in view!
You open the door.
There is an open door here.
Found a stone staircase leading down.
No target in view!
c - a scroll labeled ITYUNTOECI No target in view!
d - a fuming red potion No target in view!
e - a scroll labeled BENKYN KEUNNUMN No target in view!
A hobgoblin comes into view. It is wielding a club.
The hobgoblin shouts!
You see here 6 gold pieces.
A hobgoblin is nearby!
A hobgoblin is nearby!
The hobgoblin hits you but does no damage.
A hobgoblin is nearby!
You barely miss the hobgoblin. The hobgoblin hits you with a club.
You take 6 damage, and have 8/14 hp.
MASSIVE DAMAGE!!
You are too injured to fight recklessly!
You are too injured to fight recklessly!
You are too injured to fight recklessly!
Unknown command.
Aim: a hobgoblin, wielding a club The magic dart hits the hobgoblin.
The hobgoblin closely misses you.
You now have 2/3 mp.
Aim: a hobgoblin, wielding a club (moderately wounded)
The magic dart hits the hobgoblin.
You kill the hobgoblin!
You now have 1/3 mp.
You can't see any susceptible monsters within range! (Use Z to cast anyway.)
You can't see any susceptible monsters within range! (Use Z to cast anyway.)
You can't see any susceptible monsters within range! (Use Z to cast anyway.)
You start resting.
A hobgoblin comes into view. It is wielding a club.
You regained 3 hp, and now have 11/14 hp.
MP restored: 3
Aim: a hobgoblin, wielding a club (hasn't noticed you)
The magic dart hits the hobgoblin.
The hobgoblin shouts!
You now have 2/3 mp.
Aim: a hobgoblin, wielding a club (heavily wounded)
The magic dart hits the hobgoblin.
You now have 1/3 mp.
Aim: a hobgoblin, wielding a club (heavily wounded)
The magic dart hits the hobgoblin.
You now have 0/3 mp.
You don't have enough magic to cast that spell.
You don't have enough magic to cast that spell.
You don't have enough magic to cast that spell.
You don't have enough magic to cast that spell.
Aim: a hobgoblin, wielding a club (moderately wounded)
The magic dart hits the hobgoblin.
The hobgoblin hits you but does no damage.
You now have 0/3 mp.
You hit the hobgoblin but do no damage. You hit the hobgoblin.
The hobgoblin closely misses you.
You closely miss the hobgoblin. The hobgoblin completely misses you.
You hit the hobgoblin.
You tail-slap the hobgoblin, but do no damage.
The hobgoblin hits you but does no damage.
You hit the hobgoblin but do no damage.
The hobgoblin hits you but does no damage.
You hit the hobgoblin.
You kill the hobgoblin!
Things that are here:
a club; a hobgoblin corpse
Things that are here:
a club; a hobgoblin corpse You butcher the hobgoblin corpse.
f - 3 chunks of flesh {@w0} You see here a club.
g - a club Wield which item (- for none, * to show all)? (? for menu, Esc to quit)
d - a fuming red potion (in hand) Wield which item (- for none, * to show all)? (? for menu, Esc to quit)
It sticks to your hand!
g - a cursed -2 club (weapon)
You now have 14 gold pieces.
You now have 20 gold pieces (gained 6).
h - a scroll labeled TIXA MUHILEMO Health restored: 14; MP restored: 3
i - a scroll labeled GYBLIA COFIKH

#≈#♣♣..≈..♣ #
#............# #.
..♣.♣..♣ #..........###
......... #.##....##.###
#♣♣♣♣♣#.# #....#...#....
#########+#..###.#.#####
............## #...#
............######.#
#.#..$..............
.......@.###........
###......# ###......
######## .. #


There were no monsters in sight!

Vanquished Creatures
  2 hobgoblins (D:1)
2 creatures vanquished.

Notes
Turn   | Place    | Note
-------+----------+-------------------------------------------
     0 | D:1      | tyvek the Draconian Conjurer began the quest for the Orb.
     0 | D:1      | Reached XP level 1. HP: 14/14 MP: 3/3
   254 | D:1      | Quit the game

Vault maps used:
D:1:      tarquinn_simple_flora_water_b

Action                   || total
-------------------------++-------
Melee: Unarmed           ||     7
       Tailslap          ||     1
 Cast: Magic Dart        ||     6
Armor: Skin              ||     2
Dodge: Dodged            ||     3

Vault maps used:
D:1:      tarquinn_simple_flora_water_b

Table legend:
 A = Turns spent in this place as a percentage of turns spent in the entire game.
 B = Non-inter-level travel turns spent in this place as a percentage of non-inter-level travel turns spent in the entire game.
 C = Inter-level travel turns spent in this place as a percentage of turns spent in this place.
 D = Turns resting spent in this place as a percentage of non-inter-level travel turns spent in this place.
 E = Turns spent auto-exploring this place as a percentage of non-inter-level travel turns spent in this place.
 F = Non-inter-level travel turns spent in this place divided by the number of levels of this place that you've seen.
                   A       B       C       D       E      F
               +-------+-------+-------+-------+-------+----------------------
         Total | 100.0 | 100.0 |   0.0 |   3.1 |  12.3 |  65.0
       Dungeon | 100.0 | 100.0 |   0.0 |   3.1 |  12.3 |  65.0
               +-------+-------+-------+-------+-------+----------------------

Table legend:
 A = Kills in this place as a percentage of kills in entire the game.
 B = Kills by you in this place as a percentage of kills by you in the entire game.
 C = Kills by friends in this place as a percentage of kills by friends in the entire game.
 D = Other kills in this place as a percentage of other kills in the entire game.
 E = Experience gained in this place as a percentage of experience gained in the entire game.
 F = Experience gained in this place divided by the number of levels of this place that you have seen.
                   A       B       C       D       E      F
               +-------+-------+-------+-------+-------+----------------------
         Total | 100.0 | 100.0 |  -nan |  -nan | 100.0 |   4.0
       Dungeon | 100.0 | 100.0 |  -nan |  -nan | 100.0 |   4.0
               +-------+-------+-------+-------+-------+----------------------
